AoeStats
← raz_mary

Black Forest

510139730Analyzed
3v3 RM · 3d ago on Sep 29, 2026· 51m 19s· 6 players
Game mode
Random Map
Map size
Normal (6 player)
Population
200
Speed
Normal
Resources
Standard
Victory
Conquest
Starting age
Dark Age
Ending age
Imperial Age
RankedLock teamsTeams togetherTeam positionsShared explorationLock speedFull tech treeHidden civsTurbo modeCheats
Victory
Defeat
🇨🇭 Turks · Switzerland
761
+14
🇫🇷 Saracens · France
741
+14
🇩🇪 Persians · Germany
681
+17
🇩🇪 Franks · Germany
739
-40
🇩🇪 Slavs · Germany
718
-34
🇩🇪 Britons · Germany
656
-27
Dr. Eivil
7:19 Loom
15:29 Feudal Age
17:55 Man-at-Arms
23:25 Castle Age
22:06 Double-Bit Axe
22:24 Horse Collar
23:29 Fletching
25:51 Pikeman
28:06 Squires
28:35 Bodkin Arrow
30:51 Long Swordsman
31:04 Crossbowman
32:40 Gold Mining
33:03 Bow Saw
33:04 Elite Skirmisher
34:13 Padded Archer Armor
35:01 Ballistics
35:52 Caravan
39:44 Fortified Wall
39:46 Masonry
41:54 Leather Archer Armor
44:24 Gold Shaft Mining
48:07 Imperial Age
48:33 Yeomen
51:46 Chemistry
50:59 Siege Engineers
Camillo
13:03 Feudal Age
19:05 Castle Age
20:11 Squires
21:43 Caravan
22:43 Double-Bit Axe
25:13 Scale Barding Armor
25:58 Bloodlines
25:48 Husbandry
28:05 Loom
29:28 Forging
31:10 Murder Holes
31:37 Ballistics
33:56 Wheelbarrow
38:33 Hand Cart
39:55 Detinets
43:48 Imperial Age
45:17 Elite Boyar
45:57 Pikeman
48:59 Halberdier
Tobe.BDF
11:13 Feudal Age
12:46 Double-Bit Axe
22:47 Castle Age
22:08 Wheelbarrow
22:26 Gold Mining
24:07 Bow Saw
24:49 Scale Barding Armor
29:40 Hand Cart
36:09 Imperial Age
35:12 Murder Holes
35:39 Ballistics
35:47 Caravan
37:03 Stone Mining
37:48 Gold Shaft Mining
38:23 Chain Barding Armor
38:14 Forging
40:48 Plate Barding Armor
40:49 Iron Casting
39:51 Cavalier
40:35 Husbandry
41:58 Paladin
44:48 Blast Furnace
43:39 Ordonnance Companies
44:22 Chivalry
44:46 Conscription
45:56 Arrowslits
47:12 Chemistry
kolb-alexander
19:12 Feudal Age
19:44 Double-Bit Axe
20:54 Gold Mining
21:17 Horse Collar
25:41 Castle Age
23:52 Stone Mining
25:35 Scale Barding Armor
25:21 Fletching
25:42 Forging
26:50 Gold Shaft Mining
27:03 Bodkin Arrow
27:28 Heavy Plow
27:42 Bow Saw
29:13 Chain Barding Armor
32:30 Imperial Age
31:38 Iron Casting
34:08 Plate Barding Armor
34:41 Two-Man Saw
34:11 Conscription
34:58 Squires
35:08 Husbandry
35:20 Bloodlines
34:33 Cavalier
36:12 Ballistics
36:58 Blast Furnace
37:56 Murder Holes
39:04 Wheelbarrow
38:52 Caravan
39:47 Scale Mail Armor
39:53 Savar
41:03 Hand Cart
52:00 Crop Rotation
raz_mary
1:16 Loom
13:54 Feudal Age
18:08 Gold Mining
21:02 Castle Age
19:57 Horse Collar
20:57 Double-Bit Axe
22:21 Town Watch
22:48 Heavy Plow
28:21 Stone Mining
29:32 Fortified Wall
30:50 Gold Shaft Mining
35:27 Imperial Age
33:36 Wheelbarrow
33:20 Bow Saw
35:27 Masonry
35:51 Coinage
35:51 Caravan
36:23 Ballistics
35:27 Pikeman
36:08 Squires
35:54 Arson
36:58 Hand Cart
38:42 Chemistry
39:28 Two-Man Saw
38:19 Heavy Camel Rider
39:18 Forging
39:09 Scale Mail Armor
40:08 Scale Barding Armor
40:39 Iron Casting
40:29 Conscription
40:32 Town Patrol
41:00 Bimaristan
42:14 Banking
41:50 Elite Mameluke
43:06 Hoardings
43:21 Chain Barding Armor
43:16 Chain Mail Armor
44:02 Blast Furnace
45:10 Counterweights
45:08 Husbandry
44:28 Light Cavalry
45:19 Bloodlines
45:40 Hussar
47:31 Plate Barding Armor
47:27 Plate Mail Armor
46:57 Padded Archer Armor
46:48 Fletching
Pommesgabel
12:59 Feudal Age
15:50 Double-Bit Axe
19:55 Castle Age
21:44 Squires
22:09 Horse Collar
32:43 Imperial Age
31:09 Gold Mining
32:39 Squires
35:26 Gold Shaft Mining
35:16 Stone Mining
35:37 Bow Saw
35:29 Heavy Plow
38:39 Caravan
39:09 Coinage
38:49 Guilds
39:43 Two-Man Saw
41:07 Bombard Tower
40:39 Heated Shot
43:16 Banking
43:11 Ballistics
43:08 Heavy Camel Rider
50:29 Artillery
Connection lost

Rejoining the realm…

Still unreachable

The connection could not be restored.

Session expired

The server has moved on; the page needs a fresh start.